 Dungeon Crawl Stone Soup version 0.22-a0-305-gd21a89c538 (webtiles) character file.

4 Oravi the Bolt Thrower (level 1, -1/12 HPs)
             Began as a Kobold Hunter on Mar 31, 2018.
             Slain by a hobgoblin
             ... wielding a cursed -1 club
              (4 damage)
             ... on level 1 of the Dungeon.
             The game lasted 00:01:13 (150 turns).

Oravi the Bolt Thrower (Kobold Hunter)               Turns: 150, Time: 00:01:14

Health: -1/12      AC:  3    Str:  9    XL:     1   Next: 66%
Magic:  1/1        EV: 14    Int: 12    God:
Gold:   50         SH:  0    Dex: 15    Spells: 0/0 levels left

rFire    . . .     SeeInvis .   b - +0 short sword
rCold    . . .     Gourm    .   (shield restricted)
rNeg     . . .     Faith    .   c - +0 leather armour
rPois    .         Spirit   .   (no helmet)
rElec    .         Reflect  .   (no cloak)
rCorr    .         Harm     .   (no gloves)
MR       .....                  (no boots)
Stlth    ++........             (no amulet)
HPRegen  0.04/turn              (no ring)
MPRegen  0.07/turn              (no ring)

@: no status effects
A: small, carnivore
a: no special abilities


You were on level 1 of the Dungeon.
You were not hungry.

You visited 1 branch of the dungeon, and saw 1 of its levels.

You collected 50 gold pieces.

Inventory:

Hand Weapons
 a - a +1 hand crossbow
 b - a +0 short sword (weapon)
Missiles
 d - 20 bolts
Armour
 c - a +0 leather armour (worn)
Scrolls
 h - a scroll of teleportation {unknown}
 i - a scroll of immolation {unknown}
 k - a scroll of blinking {unknown}
Potions
 e - a potion of heal wounds {unknown}
 g - a potion of agility {unknown}
 j - a potion of haste {unknown}
Comestibles
 f - a ration


   Skills:
 - Level 2.1 Fighting
 + Level 0.4 Short Blades
 - Level 5.0 Crossbows
 + Level 2.4 Dodging
 - Level 1.3 Stealth


You couldn't memorise any spells.
You didn't know any spells.

Dungeon Overview and Level Annotations

Branches:
Dungeon (1/15)

Altars:


Innate Abilities, Weirdness & Mutations

You are small and have problems with some larger weapons.
You are carnivorous and can eat meat at any time.


Message History

You are too injured to fight recklessly!
You hit the hobgoblin.
The hobgoblin is heavily wounded.
The hobgoblin hits you.
* * * LOW HITPOINT WARNING * * *
The hobgoblin misses you.
You hit the hobgoblin.
You kill the hobgoblin!
Training target 5.0 for Crossbows reached!
Your Crossbows skill increases to level 5!
You start resting.
A hobgoblin comes into view. It is wielding a club.
The hobgoblin shouts!
A frilled lizard comes into view.
A jackal comes into view.
The jackal moves out of view.
You are too injured to fight recklessly!
The hobgoblin misses you.
You barely miss the hobgoblin. The hobgoblin hits you with a club.
You die...

.##....# ..#..# ..# .##....#
#..........# ..# .##....#.#
#....##.##.# ..# .#.......#
#....##.##.# #.# ...###.###
#....##.##.# #.# ##..##.#
#....##..#.# #.# .'#.......
#....###.#.### #.# <.#..###.#
#....###.....#####.#
.+#......#####..@g...............
##..≈≈≈≈..#........###.>..#####.#
...≈≈≈≈≈≈..........####.### #.#
...≈≈≈≈≈≈............[.... #.#
...≈≈≈≈≈≈.#................ #.#
#...≈≈≈≈.....÷............... #.#
##.........########.......... #.#
##.......## #.......... #.#
#..####### ......


You could see a hobgoblin.

Vanquished Creatures
  2 hobgoblins (D:1)
  A kobold (D:1)
  A rat (D:1)
4 creatures vanquished.

Notes
Turn   | Place    | Note
-------+----------+-------------------------------------------
     0 | D:1      | Oravi the Kobold Hunter began the quest for the Orb.
     0 | D:1      | Reached XP level 1. HP: 12/12 MP: 1/1
   107 | D:1      | Reached skill level 5 in Crossbows
   150 | D:1      | Slain by a hobgoblin

Vault maps used:
D:1:      dpeg_arrival_pits, st_stairs_7

Skill      XL: |  1 |
---------------+----+-----
Crossbows      | 5 |  5.0
Fighting       | |  2.1
Short Blades   | |  0.4
Dodging        | |  2.4
Stealth        | |  1.3

Action                   || total
-------------------------++-------
Melee: Short sword       ||    17
  Eat: Chunk             ||     1
Armor: Leather armour    ||     2
Dodge: Dodged            ||    17

Table legend:
 A = Spawn XP
 B = Non-spawn XP
 C = Spawn XP percentage of total XP
 D = Spawn monster count
 E = Non-spawn monster count
 F = Spawn count percentage of total count
 G = Total turns spent on level
                    A         B        C        D         E        F      G
               +---------+---------+-------+---------+---------+-------+---------
         Total |       0 |       6 |   0.0 |       0 |       4 |   0.0 |   150
               +---------+---------+-------+---------+---------+-------+---------
           D:1 |       0 |       6 |   0.0 |       0 |       4 |   0.0 |   150
               +---------+---------+-------+---------+---------+-------+---------
